 Dungeon Crawl Stone Soup version 0.29-a0-321-gf1c400731a (webtiles) character file.

Game seed: 16636596306707675054

1053 zishaf the Grave Robber (level 8, -7/62 HPs)
             Began as a Human Wanderer on Apr 4, 2022.
             Was an Initiate of Gozag.
             Mangled by a gnoll sergeant
             ... wielding a +0 spear
              (9 damage)
             ... on level 6 of the Dungeon.
             The game lasted 00:12:09 (5673 turns).

zishaf the Grave Robber (Human Wanderer)            Turns: 5673, Time: 00:12:09

Health: -7/62      AC:  5    Str: 11    XL:     8   Next: 51%
Magic:  1/15       EV: 15    Int: 16    God:    Gozag
Gold:   264        SH:  0    Dex: 13    Spells: 7/17 levels left

rFire   + . .      SeeInvis .   w - +3 war axe (elec)
rCold   . . .      Faith    .   (no shield)
rNeg    + . .      Spirit   .   u - +2 robe {rN+}
rPois   .          Reflect  .   h - +0 helmet
rElec   .          Harm     .   (no cloak)
rCorr   .          Rampage  .   (no gloves)
Will    .....                   (no boots)
Stlth   ++........              (no amulet)
HPRegen 0.20/turn               i - ring of protection from fire
MPRegen 0.14/turn               m - +4 ring of evasion

@: lethally poisoned (-7 -> -9), gold aura
A: no striking features
a: Renounce Religion, Potion Petition, Call Merchant, Bribe Branch


You were on level 6 of the Dungeon.
You worshipped Gozag.
Gozag was aware of your devotion.
You visited 1 branch of the dungeon, and saw 6 of its levels.

You collected 346 gold pieces.
You paid 82 gold pieces to Gozag.

Inventory:

Hand Weapons
 a - a +2 dagger of pain
 b - a +0 hunting sling
 o - a +0 dagger
 w - a +3 war axe of electrocution (weapon)
Missiles
 c - 190 stones (quivered)
Armour
 h - a +0 helmet (worn)
 u - a +2 robe of positive energy (worn)
Jewellery
 i - a ring of protection from fire (left hand)
 m - a +4 ring of evasion (right hand)
Wands
 e - a wand of flame (5)
 A - a wand of iceblast (12)
 F - a wand of acid (7)
Scrolls
 j - 3 scrolls of teleportation
 k - a scroll of immolation
 l - 2 scrolls of torment
 n - 2 scrolls of fear
 q - a scroll of blinking
 y - a scroll of enchant weapon
Potions
 d - 2 potions of resistance
 f - 4 potions of curing {unknown}
 g - 3 potions of degeneration {unknown}
 p - 3 potions of magic {unknown}
 r - a potion of lignification {unknown}
 t - a potion of invisibility {unknown}
 v - a potion of berserk rage {unknown}
 x - 5 potions of attraction {unknown}
 B - a potion of brilliance {unknown}
 C - a potion of haste {unknown}
 E - a potion of heal wounds {unknown}


   Skills:
 + Level 5.0 Fighting
 - Level 1.0 Stealth
 - Level 5.0 Spellcasting
 - Level 2.0 Hexes
 + Level 5.1 Necromancy
 - Level 4.0 Ice Magic
 - Level 3.0 Earth Magic
 - Level 2.0 Evocations


You had 7 spell levels left.
You knew the following spells:

 Your Spells              Type           Power      Damage    Failure   Level
a - Freeze                Ice            64%        1d8       3%          1
b - Sandblast             Erth           26%        2d8       4%          1
c - Beastly Appendage     Tmut           8%         N/A       16%         1
d - Sublimation of Blood  Necr           20%        N/A       2%          2
e - Ensorcelled Hibernat  Hex/Ice        26%        N/A       7%          2
f - Vampiric Draining     Necr           20%        2d7       5%          3

Your spell library contained the following spells:

 Spells                   Type           Power      Damage    Failure   Level
 Animate Skeleton         Necr           40%        N/A       1%          1
 Pain                     Necr           80%        1d8       1%          1
 Ozocubu's Armour         Ice            16%        N/A       9%          3
 Passwall                 Tmut/Erth      6%         N/A       12%         2
 Sting                    Tmut/Pois      16%        1d3       16%         1
 Searing Ray              Conj           8%         2d4       22%         2
 Dazzling Flash           Conj/Hex       14%        N/A       30%         3
 Swiftness                Air            4%         N/A       41%         3
 Agony                    Necr           20%        N/A       45%         5
 Iskenderun's Mystic Bla  Conj/Tloc      4%         2d3       83%         4
 Silence                  Hex/Air        3%         N/A       95%         5
 Starburst                Conj/Fire      2%         6d3       100%        6


Dungeon Overview and Level Annotations

Branches:
Dungeon (6/15)
 Temple: D:4-7

Altars:
Gozag
Sif Muna
Uskayaw
Vehumet
Yredelemnul

Shops:
D:2 *


Message History

The gnoll is distracted by your dazzling golden aura.
The water moccasin barely misses you.
You barely miss the water moccasin.
The water moccasin is moderately wounded.
The water moccasin bites you!
You are poisoned.
The water moccasin poisons you! The gnoll misses you.
The gnoll shouts!
You slash the water moccasin!
Lightning courses through the water moccasin!!
You kill the water moccasin!
You hit the gnoll.
You feel very sick.
You hear a shout!
The gnoll sergeant hits you from afar with a +0 spear.
The gnoll closely misses you.
Your Fighting skill increases to level 5!
Your Necromancy skill increases to level 5!
You closely miss the gnoll.
The gnoll is lightly wounded.
You feel sick. The gnoll completely misses you.
The gnoll sergeant is distracted by your dazzling golden aura.
The gnoll hits you with a +0 whip!
* * * LOW HITPOINT WARNING * * *
You barely miss the gnoll.
The gnoll is lightly wounded.
You feel sick.
The gnoll is no longer distracted by gold.
The gnoll hits you with a +0 whip.
* * * LOW HITPOINT WARNING * * *
You closely miss the gnoll.
The gnoll is lightly wounded.
You feel sick.
The gnoll sergeant is no longer distracted by gold.
The gnoll barely misses you.
The gnoll sergeant hits you from afar with a +0 spear.
* * * LOW HITPOINT WARNING * * *
The gnoll sergeant hits you from afar with a +0 spear!
You die...
Your body crumbles into a pile of gold.

#.. . #.. . ##
#.# .#
.gS####.##.####
..g.........#
#.g.....#.###
####.#g##......
........$##.#.##
#####.#.g@.....#
#.#.......##
#..........#
#####...####
#...# #...#
#...# #...# ##
#...# .#


You could see a gnoll sergeant and 3 gnolls.

Vanquished Creatures
  Sigmund (D:3)
  A water moccasin (D:6)
  A centaur (D:5)
  An ogre (D:5)
  A phantom (D:5)
  2 hounds
  2 jellies
  An orc priest (D:5)
  2 iguanas
  2 orc wizards (D:5)
  A gnoll (D:6)
  10 adders
  A white imp (D:5)
  2 ufetubi
  2 worms
  2 dart slugs
  6 orcs
  7 ball pythons
  5 bats
  5 endoplasms
  A giant cockroach (D:3)
  6 hobgoblins
  3 jackals (D:1)
  3 quokkas
  4 frilled lizards
  8 goblins
  2 kobolds (D:1)
  6 rats
88 creatures vanquished.

Vanquished Creatures (collateral kills)
  A bullfrog (D:6)
  An iguana (D:6)
2 creatures vanquished.

Vanquished Creatures (others)
  2 fungi (D:2)
  8 plants (D:2)
10 creatures vanquished.

Grand Total: 100 creatures vanquished

Notes
Turn   | Place    | Note
-------+----------+-------------------------------------------
     0 | D:1      | zishaf the Human Wanderer began the quest for the Orb.
     0 | D:1      | zishaf set off with the following items: a +0 dagger, a
                  | scroll of fear, 34 stones, a +0 robe, a wand of flame (6);
                  | and the following spells available to memorise: Freeze,
                  | Beastly Appendage, Sandblast, Searing Ray, Sublimation of
                  | Blood, Ozocubu's Armour
     0 | D:1      | Reached XP level 1. HP: 13/13 MP: 6/6
     2 | D:1      | Learned a level 1 spell: Freeze
     4 | D:1      | Learned a level 1 spell: Sandblast
     6 | D:1      | Learned a level 1 spell: Beastly Appendage
   247 | D:1      | Reached XP level 2. HP: 18/20 MP: 5/8
   405 | D:1      | Learned a level 2 spell: Sublimation of Blood
   482 | D:1      | Reached skill level 1 in Fighting
   653 | D:1      | Reached skill level 1 in Earth Magic
   737 | D:1      | Reached XP level 3. HP: 12/26 MP: 7/9
  1334 | D:2      | Found a basalt altar of Yredelemnul.
  1448 | D:2      | Found Maejeck's Assorted Antiques.
  1563 | D:2      | Reached skill level 1 in Necromancy
  1925 | D:2      | Reached XP level 4. HP: 32/32 MP: 11/11
  1939 | D:2      | Found a faded altar of an unknown god.
  2030 | D:2      | Prayed at the altar of an unknown god.
  2030 | D:2      | Became a worshipper of Uskayaw the Reveller
  2030 | D:2      | Reached * piety under Uskayaw
  2381 | D:3      | Noticed Sigmund
  2566 | D:3      | Reached ** piety under Uskayaw
  2568 | D:3      | Reached *** piety under Uskayaw
  2572 | D:3      | Killed Sigmund
  2573 | D:3      | Reached XP level 5. HP: 30/39 MP: 4/12
  2573 | D:3      | Reached XP level 6. HP: 35/46 MP: 4/13
  2700 | D:3      | Learned a level 2 spell: Ensorcelled Hibernation
  2739 | D:3      | Found a radiant altar of Vehumet.
  3746 | D:5      | Entered Level 5 of the Dungeon
  3872 | D:5      | Reached skill level 1 in Hexes
  3921 | D:5      | Reached XP level 7. HP: 32/52 MP: 14/14
  4148 | D:5      | HP: 2/52 [something/puff of flame (3)]
  4152 | D:5      | Reached **** piety under Uskayaw
  4540 | D:5      | Learned a level 3 spell: Vampiric Draining
  4797 | D:5      | Reached XP level 8. HP: 28/60 MP: 5/15
  5138 | D:5      | Found an opulent altar of Gozag.
  5153 | D:5      | Fell from the grace of Uskayaw
  5153 | D:5      | Became a worshipper of Gozag Ym Sagoz the Greedy
  5156 | D:5      | Found a shimmering blue altar of Sif Muna.
  5628 | D:6      | Got Cateykio's Beginning Course on Thaumaturgy
  5671 | D:6      | Reached skill level 5 in Fighting
  5671 | D:6      | Reached skill level 5 in Necromancy
  5673 | D:6      | HP: 2/62 [gnoll sergeant/+0 spear (4)]
  5673 | D:6      | Mangled by a gnoll sergeant

Illustrated notes

Levels and vault maps discovered:
D:1:      matt_arrival_los_fun, layout_loops_ring, minmay_misc_feat_square
D:2:      layout_basic, shapermc_ecumenical_altar_mp_ritualfount, basic_altar,
          serial_shops, nicolae_shop_crystal
D:3:      layout_loops_ring, mainiacjoe_overflow_concentric_impassable,
          uniq_sigmund
D:4:      layout_basic
D:5:      layout_loops_corners, mainiacjoe_overflow_large_starburst,
          lemuel_old_faithful
D:6:      layout_loops_cross, jmf_multi_god_temple2, gup_sewer_entry_pipe,
          grunt_decor_resistance

Skill      XL: |  1  2  3  4  5  6  7  8 |
---------------+-------------------------+-----
Fighting       | 1 2 3 5 |  5.0
Earth Magic    | 1 2 3 |  3.0
Necromancy     | 1 2 3 4 5 |  5.1
Ice Magic      | 2 3 4 |  4.0
Hexes          | 1 2 |  2.0
Stealth        | |  1.0
Spellcasting   | |  5.0
Evocations     | |  2.0

Action                   |  1- 3 |  4- 6 |  7- 9 || total
-------------------------+-------+-------+-------++-------
Melee: Dagger            |    56 |    67 |       ||   123
       Punch             |     1 |     1 |     1 ||     3
       War axe           |       |    46 |    73 ||   119
 Cast: Freeze            |    31 |     9 |    17 ||    57
       Ensorcelled Hiber |       |       |     3 ||     3
       Vampiric Draining |       |       |     5 ||     5
       Sandblast         |       |       |     2 ||     2
Evoke: Wand              |       |     1 |       ||     1
  Use: Scroll            |       |       |     8 ||     8
 Stab: Sleeping          |     4 |     2 |     2 ||     8
Armor: Robe              |    15 |    29 |    16 ||    60
Dodge: Dodged            |    46 |   142 |    74 ||   262

Table legend: (Time is in decaauts)
 A = Elapsed time spent in this place.
 B = Non-inter-level travel time spent in this place.
 C = Inter-level travel time spent in this place.
 D = Time resting spent in this place.
 E = Time spent auto-exploring this place.
 F = Levels seen in this place.
 G = Mean time per level.
                   A        B        C        D        E       F      G
               +--------+--------+--------+--------+--------+-----+--------+
         Total |   5734 |   5560 |    174 |    295 |   4297 |   6 |  955.7 |
       Dungeon |   5734 |   5560 |    174 |    295 |   4297 |   6 |  955.7 |
               +--------+--------+--------+--------+--------+-----+--------+

Top non-repeatable levels by time:
     D:5: 1828 daAuts
     D:1: 1186 daAuts
     D:2: 1095 daAuts
     D:3: 796 daAuts
     D:4: 681 daAuts
     D:6: 145 daAuts
